 Dungeon Sprint DCSS version 0.23.2 (webtiles) character file.

Game seed: 14687861250811931816

13100000 Fang the Conqueror (level 27, -166/249 HPs)
             Began as a Demonspawn Gladiator on Apr 2, 2019.
             Was the Champion of Makhleb.
             Annihilated by a fleshlord
             ... wielding a +9 great mace
              (398 damage)
             ... in the Dungeon (Sprint VIII: "Arena of Blood").
             The game lasted 00:01:46 (131 turns).

Fang the Conqueror (Demonspawn Gladiator)            Turns: 131, Time: 00:01:47

Health: -166/249   AC:  6    Str: 24    XL:     27
Magic:  45/54      EV: 36    Int: 11    God:    Makhleb [******]
Gold:   0          SH:  0    Dex: 17    Spells: 80/80 levels left

rFire    . . .     SeeInvis +   l - +∞ Axe of Woe
rCold    . . .     Gourm    .   (shield currently unavailable)
rNeg     . . .     Faith    .   b - +0 leather armour
rPois    .         Spirit   .   (helmet unavailable)
rElec    .         Reflect  .   (no cloak)
rCorr    .         Harm     .   (no gloves)
MR       ++...     NoTele   +   (no boots)
Stlth    +++++++++.             (no amulet)
HPRegen  0.51/turn              (no ring)
MPRegen  0.34/turn              (no ring)

@: lethally poisoned (-166 -> -201), slowed, repel missiles, very slow
A: antennae 3, repulsion field 3, demonic guardian 3, foul stench 2,
augmentation 3, rot immunity
a: Minor Destruction, Lesser Servant of Makhleb, Major Destruction, Greater
Servant of Makhleb, Renounce Religion


You were in the Dungeon.
You worshipped Makhleb.
Makhleb was exalted by your worship.
You were not hungry.

You visited 1 branch

Inventory:

Hand Weapons
 a - a +0 war axe
 l - the +∞ Axe of Woe (weapon)
   (You found it in the Dungeon)
Missiles
 d - 3 throwing nets (quivered)
Armour
 b - a +0 leather armour (worn)
 c - a +0 helmet
Scrolls
 k - a scroll of blinking
Potions
 e - a potion of curing
 g - a potion of heal wounds
 h - a potion of haste
 i - 2 potions of magic
 j - a potion of berserk rage
Comestibles
 f - a ration


   Skills:
 O Level 27 Fighting
 O Level 27 Axes
 O Level 27 Throwing
 O Level 27 Armour
 O Level 27 Dodging
 O Level 27 Stealth
 O Level 27 Unarmed Combat
 O Level 27 Spellcasting
 O Level 27 Invocations


You had 80 spell levels left.
You didn't know any spells.
Your spell library was empty.

Dungeon Overview and Level Annotations

Branches:
Dungeon (1/1)

Altars:
Makhleb

Annotations:
D The Defiler


Innate Abilities, Weirdness & Mutations

You have a pair of large antennae on your head. (SInv)
You are surrounded by a strong repulsion field. (EV +4, RMsl)
A powerful demonic guardian rushes to your aid.
You frequently emit foul miasma when damaged in melee.
Your magical and physical power is greatly enhanced at high health.
You are immune to rotting.


Message History

You kill the fleshlord!
Makhleb accepts your kill.
You feel better.
You slash the fleshlord!
You butcher the fleshlord messily.
You kill the fleshlord!
Makhleb accepts your kill.
You slice the bag of meat!!
You cleave the bag of meat in twain.
You kill the bag of meat!
Makhleb accepts your kill.
You feel very sick.
You hear a shout! x2
An accursed comes into view.
You hear a shout!
The meat berserker rages.
The fleshlord gestures at you while chanting.
You feel as though you will be slow longer.
The accursed gestures at you while chanting.
Something smites you!
The fleshlord hits you with a +9 great mace!!!!!!
Ouch! That really hurt!
You die... ....##.# .Dp

....... ..
WS####.....##.#
#M....p........
#.o.......p#.#. G
#...............
...#.@)S..........
....#..@)...p.....
......pS)..p......
.....O°.†.........
...S...)#..%..%.#
..#..M..#)))....# .
..O...###).)....###...
.M....)))))###........
.z.#..)))).%_)........
.#....)))#)..%.#......


You could see 3 accurseds, 4 scourges, 5 fleshlords, a sculptor of flesh, a
large bag of meat (inner flame), The Defiler, a dread, a meat berserker
(berserk) and a bag of meat.

Vanquished Creatures
  4 hell knights (D)
  Sigmund (D)
  8 hell beasts (D)
  4 greater mummies (D)
  6 great orbs of eyes (D)
  6 wraiths (D)
  23 vampire knights (D)
  40 ogres (D)
  5 two-headed ogres (D)
  6 liches (D)
  2 hydras (D)
  95 orcs (D)
  9 phantoms (D)
  4 skeletal warriors (D)
  5 sea snakes (D)
  8 large abominations (D)
  13 small abominations (D)
  20 crawling corpses (D)
259 creatures vanquished.

Vanquished Creatures (collateral kills)
  A crawling corpse (D)
1 creature vanquished.

Vanquished Creatures (others)
  2 crawling corpses (D)
2 creatures vanquished.

Grand Total: 262 creatures vanquished

Notes
Turn   | Place    | Note
-------+----------+-------------------------------------------
     0 | D        | Found the +∞ Axe of Woe
     0 | D        | Fang the Demonspawn Gladiator began the quest for the Orb.
     0 | D        | Reached XP level 1. HP: 16/16 MP: 1/1
     2 | D        | Noticed a bag of meat
     4 | D        | Became a worshipper of Makhleb the Destroyer
     5 | D        | Noticed a meat berserker
     6 | D        | Noticed a bag of meat
     6 | D        | Noticed a bag of meat
     7 | D        | Noticed a bag of meat
     8 | D        | Noticed a bag of meat
     9 | D        | Killed a bag of meat
     9 | D        | Gained mutation: You have a pair of small antennae on your
                  | head. [demonic ancestry]
     9 | D        | Reached XP level 2. HP: 43/43 MP: 2/2
     9 | D        | Reached XP level 3. HP: 49/49 MP: 3/3
     9 | D        | Reached XP level 4. HP: 56/56 MP: 4/4
     9 | D        | Gained mutation: You have a pair of antennae on your head.
                  | [demonic ancestry]
     9 | D        | Reached XP level 5. HP: 62/62 MP: 5/5
     9 | D        | Gained mutation: A weak demonic guardian rushes to your
                  | aid. [demonic ancestry]
     9 | D        | Reached XP level 6. HP: 69/69 MP: 6/6
     9 | D        | Gained mutation: You are immune to rotting. [demonic
                  | ancestry]
     9 | D        | Reached XP level 7. HP: 75/75 MP: 7/7
     9 | D        | Gained mutation: You have a pair of large antennae on your
                  | head. (SInv) [demonic ancestry]
     9 | D        | Reached XP level 8. HP: 82/82 MP: 8/8
     9 | D        | Reached XP level 9. HP: 88/88 MP: 9/9
     9 | D        | Gained mutation: You may emit foul miasma when damaged in
                  | melee. [demonic ancestry]
     9 | D        | Reached XP level 10. HP: 95/95 MP: 10/10
     9 | D        | Reached XP level 11. HP: 101/101 MP: 11/11
    10 | D        | Killed a meat berserker
    10 | D        | Reached * piety under Makhleb
    10 | D        | Gained mutation: You are surrounded by a mild repulsion
                  | field. (EV +2) [demonic ancestry]
    10 | D        | Reached XP level 12. HP: 116/116 MP: 12/12
    10 | D        | Reached XP level 13. HP: 122/122 MP: 13/13
    11 | D        | Noticed a meat berserker
    12 | D        | Noticed a bag of meat
    12 | D        | Noticed a bag of meat
    12 | D        | Noticed a meat berserker
    12 | D        | Noticed a bag of meat
    12 | D        | Noticed a meat berserker
    13 | D        | Killed a bag of meat
    13 | D        | Reached XP level 14. HP: 101/133 MP: 14/14
    13 | D        | Killed a bag of meat
    13 | D        | Noticed a meat berserker
    13 | D        | Noticed a bag of meat
    14 | D        | Killed a meat berserker
    14 | D        | Reached ** piety under Makhleb
    14 | D        | Gained mutation: You are surrounded by a moderate repulsion
                  | field. (EV +3) [demonic ancestry]
    14 | D        | Reached XP level 15. HP: 61/146 MP: 15/15
    15 | D        | Noticed a meat berserker
    17 | D        | Noticed a meat berserker
    17 | D        | Noticed a meat berserker
    17 | D        | Gained mutation: You are surrounded by a strong repulsion
                  | field. (EV +4, RMsl) [demonic ancestry]
    17 | D        | Reached XP level 16. HP: 98/157 MP: 16/16
    17 | D        | Reached *** piety under Makhleb
    17 | D        | Killed a meat berserker
    17 | D        | Reached XP level 17. HP: 154/169 MP: 17/17
    18 | D        | Killed a meat berserker
    18 | D        | Reached **** piety under Makhleb
    18 | D        | Reached skill level 27 in Fighting
    18 | D        | Killed a meat berserker
    18 | D        | Reached skill level 27 in Axes
    18 | D        | Reached skill level 27 in Throwing
    18 | D        | Reached skill level 27 in Dodging
    18 | D        | Reached skill level 1 in Invocations
    18 | D        | Gained mutation: A demonic guardian rushes to your aid.
                  | [demonic ancestry]
    18 | D        | Reached XP level 18. HP: 182/182 MP: 18/18
    18 | D        | Noticed a meat berserker
    19 | D        | Killed a meat berserker
    19 | D        | Reached skill level 10 in Armour
    19 | D        | Reached skill level 10 in Unarmed Combat
    19 | D        | Reached skill level 10 in Spellcasting
    19 | D        | Gained mutation: Your magical and physical power is
                  | slightly enhanced at high health. [demonic ancestry]
    19 | D        | Reached XP level 19. HP: 189/189 MP: 18/33
    19 | D        | Noticed a meat berserker
    20 | D        | Reached ***** piety under Makhleb
    21 | D        | Noticed a meat berserker
    21 | D        | Noticed a meat berserker
    22 | D        | Killed a meat berserker
    22 | D        | Reached skill level 15 in Stealth
    22 | D        | Reached skill level 15 in Armour
    22 | D        | Reached skill level 15 in Unarmed Combat
    22 | D        | Reached skill level 15 in Spellcasting
    23 | D        | Noticed a large bag of meat
    23 | D        | Killed a meat berserker
    23 | D        | Gained mutation: Your magical and physical power is
                  | enhanced at high health. [demonic ancestry]
    23 | D        | Reached XP level 20. HP: 197/197 MP: 18/41
    23 | D        | Noticed a meat berserker
    24 | D        | Killed a meat berserker
    25 | D        | Noticed a destroyer
    25 | D        | Reached ****** piety under Makhleb
    25 | D        | Reached skill level 27 in Invocations
    25 | D        | Reached XP level 21. HP: 204/204 MP: 19/45
    26 | D        | Noticed a large bag of meat
    26 | D        | Noticed a destroyer
    27 | D        | Reached XP level 22. HP: 212/212 MP: 19/51
    27 | D        | Noticed a destroyer
    28 | D        | Killed a large bag of meat
    28 | D        | Reached skill level 27 in Stealth
    28 | D        | Reached skill level 27 in Armour
    28 | D        | Reached skill level 27 in Unarmed Combat
    28 | D        | Reached skill level 27 in Spellcasting
    29 | D        | Noticed a destroyer
    30 | D        | Gained mutation: You frequently emit foul miasma when
                  | damaged in melee. [demonic ancestry]
    30 | D        | Reached XP level 23. HP: 219/219 MP: 20/54
    30 | D        | Killed a destroyer
    32 | D        | Killed a destroyer
    32 | D        | Reached XP level 24. HP: 227/227 MP: 20/54
    32 | D        | Noticed a destroyer
    33 | D        | Noticed a destroyer
    34 | D        | Killed a destroyer
    34 | D        | Reached XP level 25. HP: 153/234 MP: 21/54
    34 | D        | Noticed a destroyer
    35 | D        | Killed a destroyer
    36 | D        | Killed a destroyer
    36 | D        | Noticed a destroyer
    38 | D        | Gained mutation: Your magical and physical power is greatly
                  | enhanced at high health. [demonic ancestry]
    38 | D        | Reached XP level 26. HP: 242/242 MP: 22/54
    38 | D        | Noticed a destroyer
    39 | D        | Killed a large bag of meat
    41 | D        | Noticed a destroyer
    42 | D        | Noticed a destroyer
    42 | D        | Noticed a large bag of meat
    44 | D        | Killed a destroyer
    44 | D        | Gained mutation: A powerful demonic guardian rushes to your
                  | aid. [demonic ancestry]
    44 | D        | Reached XP level 27. HP: 249/249 MP: 23/54
    44 | D        | Noticed a destroyer
    45 | D        | Killed a destroyer
    47 | D        | Killed a destroyer
    48 | D        | Killed a destroyer
    50 | D        | Killed a destroyer
    50 | D        | Noticed a destroyer
    51 | D        | Noticed a destroyer
    51 | D        | Noticed a large bag of meat
    53 | D        | Noticed a tyrant
    54 | D        | Noticed a destroyer
    55 | D        | Noticed an accursed
    55 | D        | Noticed a destroyer
    56 | D        | Killed a large bag of meat
    57 | D        | Killed a destroyer
    57 | D        | Noticed a destroyer
    58 | D        | Killed a destroyer
    58 | D        | Noticed a destroyer
    59 | D        | Noticed a destroyer
    60 | D        | Noticed a large bag of meat
    61 | D        | Killed a destroyer
    61 | D        | Killed a destroyer
    61 | D        | Killed a destroyer
    61 | D        | Killed a destroyer
    63 | D        | Killed a destroyer
    64 | D        | Noticed a tyrant
    65 | D        | Killed an accursed
    66 | D        | Noticed a dread
    66 | D        | Killed a large bag of meat
    66 | D        | Killed a tyrant
    66 | D        | Noticed a dread
    68 | D        | Killed a destroyer
    69 | D        | Noticed a meat beast
    70 | D        | Killed a large bag of meat
    70 | D        | Noticed a meat beast
    70 | D        | Noticed a destroyer
    71 | D        | Killed a meat beast
    71 | D        | Killed a destroyer
    71 | D        | Noticed a destroyer
    72 | D        | Noticed a dread
    72 | D        | Noticed a meat beast
    73 | D        | Killed a dread
    77 | D        | Noticed a meat beast
    78 | D        | Killed a destroyer
    79 | D        | Noticed a meat beast
    80 | D        | Killed a dread
    80 | D        | Killed a meat beast
    82 | D        | Killed a meat beast
    82 | D        | Noticed a meat beast
    82 | D        | Noticed a tyrant
    85 | D        | Killed a meat beast
    85 | D        | Noticed a destroyer
    85 | D        | Noticed The Captor
    86 | D        | Killed a meat beast
    89 | D        | Noticed an accursed
    90 | D        | Killed a destroyer
    94 | D        | Killed a dread
    95 | D        | Killed The Captor
    95 | D        | Killed a tyrant
    95 | D        | Killed a tyrant
    97 | D        | Noticed a destroyer
    97 | D        | Killed a destroyer
    98 | D        | Noticed a tyrant
    98 | D        | Noticed a tyrant
    99 | D        | Noticed an accursed
   107 | D        | Killed a tyrant
   110 | D        | Killed an accursed
   112 | D        | Killed a tyrant
   117 | D        | Killed an accursed
   117 | D        | Noticed a fleshlord
   117 | D        | Noticed a tyrant
   119 | D        | Noticed an accursed
   119 | D        | Noticed a dread
   120 | D        | Noticed a dread
   120 | D        | Noticed an accursed
   120 | D        | Noticed a fleshlord
   120 | D        | Noticed a fleshlord
   121 | D        | Noticed a meat beast
   121 | D        | Noticed a dread
   121 | D        | Noticed a meat beast
   121 | D        | Noticed a fleshlord
   122 | D        | Killed a fleshlord
   123 | D        | Noticed a fleshlord
   124 | D        | Killed a fleshlord
   124 | D        | Noticed The Defiler
   124 | D        | Noticed an accursed
   125 | D        | Noticed a fleshlord
   126 | D        | Noticed a fleshlord
   126 | D        | Killed an accursed
   126 | D        | Killed a tyrant
   126 | D        | Killed a meat beast
   126 | D        | Killed a meat beast
   126 | D        | Noticed a dread
   127 | D        | Killed a dread
   127 | D        | Killed a destroyer
   127 | D        | Noticed a fleshlord
   128 | D        | Killed a meat beast
   128 | D        | Noticed a fleshlord
   128 | D        | Noticed a large bag of meat
   129 | D        | Killed a dread
   130 | D        | Noticed a fleshlord
   130 | D        | Killed a dread
   131 | D        | Killed a fleshlord
   131 | D        | Killed a fleshlord
   131 | D        | Noticed an accursed
   131 | D        | Annihilated by a fleshlord

Skill      XL: |  1  2  3  4  5  6  7  8  9 10 11 12 13 14 15 16 17 18 19 20 21 22 |
---------------+-------------------------------------------------------------------+-----
Fighting       | 14 18 19 22 23 25 27 | 27.0
Axes           | 13 17 18 20 22 23 27 | 27.0
Throwing       | 13 16 18 20 21 23 27 | 27.0
Dodging        | 13 17 18 20 22 23 27 | 27.0
Invocations    | 1 14 22 27 | 27.0
Armour         | 10 17 20 25 27 | 27.0
Stealth        | 11 18 22 26 27 | 27.0
Unarmed Combat | 10 17 20 25 27 | 27.0
Spellcasting   | 10 17 20 25 27 | 27.0

Action                   |  1- 3 |  4- 6 |  7- 9 | 10-12 | 13-15 | 16-18 | 19-21 | 22-24 | 25-27 || total
-------------------------+-------+-------+-------+-------+-------+-------+-------+-------+-------++-------
Melee: Executioner's axe |     1 |       |       |     1 |     4 |     2 |     7 |     6 |    87 ||   108
Armor: Leather armour    |       |       |       |       |       |       |       |       |     2 ||     2
Dodge: Dodged            |       |       |       |     1 |       |       |       |       |    10 ||    11
